 Dungeon Crawl Stone Soup version 0.22.1-1-ga44c0e56f4 (webtiles) character file.

102 Reeggar the Sneak (level 4, -1/33 HPs)
             Began as a Vampire Assassin on Oct 24, 2018.
             Was an Initiate of Nemelex Xobeh.
             Slain by an orc
             ... wielding a +0 short sword
              (6 damage)
             ... on level 3 of the Dungeon.
             The game lasted 00:12:31 (2291 turns).

Reeggar the Sneak (Vampire Assassin)                Turns: 2291, Time: 00:12:31

Health: -1/33      AC:  0    Str: 10    XL:     4   Next: 50%
Magic:  2/4        EV: 20    Int: 13    God:    Nemelex Xobeh [......]
Gold:   91         SH:  0    Dex: 21    Spells: 3/3 levels left

rFire    . . .     SeeInvis +   (weapon currently unavailable)
rCold    . . .     Gourm    .   (shield currently unavailable)
rNeg     + . .     Faith    .   (armour currently unavailable)
rPois    .         Spirit   .   (helmet currently unavailable)
rElec    .         Reflect  .   (cloak currently unavailable)
rCorr    .         Harm     .   (gloves currently unavailable)
MR       .....                  (boots currently unavailable)
Stlth    ++++++....             (no amulet)
HPRegen  0.11/turn              (ring currently unavailable)
MPRegen  0.09/turn              (ring currently unavailable)

@: bat-form, flying, very quick
A: tiny, fangs 3, see invisible
a: End Transformation, Renounce Religion


You were on level 3 of the Dungeon.
You worshipped Nemelex Xobeh.
Nemelex Xobeh was noncommittal.
You were not thirsty.
You were in vampire-bat-form.
You visited 1 branch of the dungeon, and saw 3 of its levels.

You collected 91 gold pieces.

Inventory:

Hand Weapons
 a - a +2 dagger (melded)
 b - a +0 blowgun
Missiles
 e - 8 poisoned needles
 f - 2 curare-tipped needles
Armour
 c - a +0 robe (melded)
 d - a +0 cloak (melded)
 p - a +0 cloak
Jewellery
 o - an uncursed ring of protection from cold {unknown}
Scrolls
 h - 4 scrolls of identify {unknown}
 j - a scroll of amnesia {unknown}
 l - a scroll of fog {unknown}
 n - a scroll of enchant armour {unknown}
Potions
 g - 22 potions of blood
 i - a potion of curing {unknown}
 k - a potion of flight {unknown}
Miscellaneous
 m - a plain deck of summoning {drawn: 2}


   Skills:
 + Level 2.2 Fighting
 + Level 3.0 Short Blades
 + Level 1.7 Throwing
 + Level 2.4 Dodging
 + Level 7.1 Stealth
 + Level 0.5 Invocations


You had 3 spell levels left.
You didn't know any spells.
Your spell library was empty.

Dungeon Overview and Level Annotations

Branches:
Dungeon (3/15)

Altars:
Dithmenos
Gozag
Nemelex Xobeh
Uskayaw
Vehumet
The Shining One


Innate Abilities, Weirdness & Mutations

You have razor-sharp teeth.
You have supernaturally acute eyesight. (SInv)
((You can survive without breathing.))


Message History

You barely miss the orc. Your bite misses the orc. The orc barely misses you.
You barely miss the orc. You bite the orc.
The orc is moderately wounded.
The orc hits you with a short sword.
You see here a potion of blood.
You hit the orc.
The orc is heavily wounded.
The orc closely misses you.
You closely miss the orc.
The orc is heavily wounded.
The orc hits you but does no damage.
You closely miss the orc.
The orc is heavily wounded.
The orc hits you with a short sword!
* * * LOW HITPOINT WARNING * * *
You turn into a vampire bat.
Your +2 dagger melds into your body.
Your +0 cloak melds into your body.
Your +0 robe melds into your body.
The orc hits you with a short sword.
You die...
Your body disappears without a glow.

###########
####.........#####
####............bo..#
......!..##.....###....>#
.(.......###.#### ..##.#
####...)o# ### ..#
####..# ..# ##.... ...
#.#.g. ...# #.#..#g( ...#
.# ..8#


You could see an orc.

Vanquished Creatures
  3 adders
  An ooze (D:1)
  A worm (D:3)
  2 dart slugs (D:1)
  A leopard gecko (D:2)
  2 orcs (D:3)
  7 bats
  3 giant cockroaches
  10 goblins
  9 hobgoblins
  2 kobolds (D:1)
  5 frilled lizards
  7 rats
53 creatures vanquished.

Vanquished Creatures (collateral kills)
  An ooze (D:3)
  3 bats (D:3)
  A kobold (D:3)
  2 rats (D:3)
7 creatures vanquished.

Grand Total: 60 creatures vanquished

Notes
Turn   | Place    | Note
-------+----------+-------------------------------------------
     0 | D:1      | Reeggar the Vampire Assassin began the quest for the Orb.
     0 | D:1      | Reached XP level 1. HP: 16/16 MP: 1/1
    35 | D:1      | Reached skill level 6 in Stealth
   385 | D:1      | Reached XP level 2. HP: 22/22 MP: 2/2
   911 | D:1      | Reached XP level 3. HP: 27/27 MP: 3/3
  1751 | D:2      | Found a sparkling altar of Nemelex Xobeh.
  1758 | D:2      | Found a radiant altar of Vehumet.
  1785 | D:2      | Found a shadowy altar of Dithmenos.
  1786 | D:2      | Found an opulent altar of Gozag.
  1794 | D:2      | Found a hide-covered altar of Uskayaw.
  1819 | D:2      | Became a worshipper of Nemelex Xobeh the Trickster
  1891 | D:2      | Reached XP level 4. HP: 33/33 MP: 4/4
  2035 | D:2      | Found a glowing golden altar of the Shining One.
  2036 | D:2      | Received a gift from Nemelex Xobeh
  2130 | D:3      | Reached skill level 7 in Stealth
  2291 | D:3      | Slain by an orc

Skill      XL: |  1  2  3  4 |
---------------+-------------+-----
Stealth        | 6 7 |  7.1
Fighting       | 2 |  2.2
Short Blades   | 3 |  3.0
Dodging        | 2 |  2.4
Throwing       | |  1.7
Invocations    | |  0.5

Action                   |  1- 3 |  4- 6 || total
-------------------------+-------+-------++-------
Melee: Dagger            |   123 |    35 ||   158
       Bite              |     9 |     3 ||    12
 Abil: Bat Form          |       |     1 ||     1
Evoke: Deck              |       |     2 ||     2
  Use: Potion            |     2 |       ||     2
 Stab: Sleeping          |    11 |     5 ||    16
  Eat: Corpse            |     2 |     4 ||     6
Armor: Robe              |    42 |    13 ||    55
Dodge: Dodged            |   102 |    32 ||   134
